 Dungeon Crawl Stone Soup version 0.29.1-15-g9cfb28693d (webtiles) character file.

Game seed: 16726853075589243806

18 iamoutofideas the Chopper (level 2, -6/27 HPs)
             Began as a Hill Orc Monk on Apr 24, 2023.
             Mangled by a gnoll
             ... wielding a +0 spear
              (9 damage)
             ... on level 1 of the Dungeon.
             The game lasted 00:00:50 (825 turns).

iamoutofideas the Chopper (Hill Orc Monk)            Turns: 825, Time: 00:00:51

Health: -6/27      AC:  2    Str: 13    XL:     2   Next: 66%
Magic:  2/2        EV: 12    Int: 10    God:
Gold:   9          SH:  0    Dex: 13    Spells: 1/1 levels left

rFire   . . .      SeeInvis .   a - +0 hand axe
rCold   . . .      Faith    .   (no shield)
rNeg    . . .      Spirit   .   b - +0 robe
rPois   .          Reflect  .   (no helmet)
rElec   .          Harm     .   (no cloak)
rCorr   .          Rampage  .   (no gloves)
Will    .....                   (no boots)
Stlth   ++........              (no amulet)
HPRegen 0.09/turn               (no ring)
MPRegen 0.08/turn               (no ring)

@: no status effects
A: no striking features
a: no special abilities


You were on level 1 of the Dungeon.
You visited 1 branch of the dungeon, and saw 1 of its levels.

You collected 9 gold pieces.

Inventory:

Hand Weapons
 a - a +0 hand axe (weapon)
Armour
 b - a +0 robe (worn)
Scrolls
 f - a scroll of teleportation {unknown}
Potions
 c - a potion of ambrosia
 d - a potion of mutation {unknown}
 e - a potion of degeneration {unknown}


   Skills:
 - Level 3.7 Fighting
 + Level 5.1 Axes
 - Level 2.4 Dodging
 - Level 1.5 Stealth


You had one spell level left.
You didn't know any spells.
Your spell library contained the following spells:

 Spells                   Type           Power      Damage    Failure   Level
 Beastly Appendage        Tmut           0%         N/A       36%         1
 Wereblood                Tmut           0%         N/A       50%         2
 Spider Form              Tmut/Pois      0%         N/A       75%         3


Dungeon Overview and Level Annotations

Branches:
Dungeon (1/15)

Altars:

Shops:
D:1 (*


Message History

The gnoll is moderately wounded.
You barely miss the hobgoblin. You completely miss the plant.
The ball python bites the plant.
The ball python constricts the plant.
The hobgoblin hits you. The gnoll hits you with a +0 spear!
Unknown command.
You barely miss the gnoll.
The gnoll is moderately wounded.
You hit the hobgoblin but do no damage. You hit the plant.
A nearby plant withers and dies.
The ball python loses its grip on the plant.
The gnoll hits you with a +0 spear. The hobgoblin closely misses you.
Unknown command.
You are too injured to fight recklessly!
Unknown command.
You are too injured to fight recklessly!
You are too injured to fight recklessly!
You are too injured to fight recklessly!
You hit the gnoll.
The gnoll is moderately wounded.
You hit the hobgoblin. You hit the ball python.
The ball python closely misses you. The ball python grabs you.
The ball python constricts you. The hobgoblin completely misses you.
The gnoll hits you but does no damage.
You hit the gnoll.
The gnoll is heavily wounded.
You closely miss the hobgoblin. You hit the ball python.
A nearby plant withers and dies.
The ball python bites you. The ball python constricts you.
The hobgoblin barely misses you. The gnoll barely misses you.
The ball python bites you. The ball python constricts you.
* * * LOW HITPOINT WARNING * * *
The ball python's grasp on you weakens, but your attempt to escape fails.
The gnoll misses you. The hobgoblin hits you.
* * * LOW HITPOINT WARNING * * *
The ball python bites you but does no damage.
The ball python constricts you.
* * * LOW HITPOINT WARNING * * *
You escape the ball python's grasp.
The gnoll hits you from afar with a +0 spear!
You die...

#.# #...#####..####.# #.#
#.### #..####.# #.###.#
##.......#
#.#...######..########
.....................
...#......#..#####.######
.[..........#.....g.....#
.###......#)#..#..g..PP..
.....####...#...@†S.P.P..
#.##..###.#.#.##.P.P...P.
#.###.....#.#.##......P..
#.######.>..#.##.PP....P.
†.....#######.##.P..P..P.
......# #.##..PPPPP..
......# ##.......#
......# #..#### #.####..


You could see a gnoll, a hobgoblin and a ball python.

Vanquished Creatures
  2 ball pythons (D:1)
  A giant cockroach (D:1)
  2 goblins (D:1)
  2 hobgoblins (D:1)
  2 jackals (D:1)
  2 kobolds (D:1)
  A quokka (D:1)
  2 bats (D:1)
  2 rats (D:1)
16 creatures vanquished.

Vanquished Creatures (others)
  2 plants (D:1)
2 creatures vanquished.

Grand Total: 18 creatures vanquished

Notes
Turn   | Place    | Note
-------+----------+-------------------------------------------
     0 | D:1      | iamoutofideas the Hill Orc Monk began the quest for the
                  | Orb.
     0 | D:1      | Reached XP level 1. HP: 19/19 MP: 1/1
   194 | D:1      | Reached XP level 2. HP: 16/27 MP: 2/2
   196 | D:1      | Found Keymm's Weapon Boutique.
   400 | D:1      | Found Kenku's Assorted Antiques.
   595 | D:1      | Reached skill level 5 in Axes
   825 | D:1      | Mangled by a gnoll

Illustrated notes

Levels and vault maps discovered:
D:1:      eino_arrival_water_star, layout_basic, serial_shops,
          nicolae_shop_hallway_plus, nicolae_shop_waterfront, shop,
          nicolae_shop_crystal, nicolae_grassy_gnolls

Skill      XL: |  1  2 |
---------------+-------+-----
Axes           | 5 |  5.1
Fighting       | |  3.7
Dodging        | |  2.4
Stealth        | |  1.5

Action                   || total
-------------------------++-------
Melee: Hand axe          ||    63
 Stab: Sleeping          ||     1
Armor: Robe              ||    18
Dodge: Dodged            ||    46
